 Dungeon Crawl Stone Soup version 0.30-a0-918-g0ff054e9dc (webtiles) character file.

Game seed: 15410280959090661089

338 Demosthentine the Poker (level 6, -1/52 HPs)
             Began as a Demonspawn Gladiator on Mar 20, 2023.
             Succumbed to an orc wizard's poison
             ... on level 3 of the Dungeon.
             The game lasted 00:03:17 (2721 turns).

Demosthentine the Poker (Demonspawn Gladiator)      Turns: 2721, Time: 00:03:18

Health: -1/52      AC: 13    Str: 17    XL:     6   Next: 29%
Magic:  6/6        EV: 14    Int:  9    God:
Gold:   170        SH:  0    Dex: 20    Spells: 5/5 levels left

rFire   . . .      SeeInvis .    a - +0 trident
rCold   . . .      Faith    .    (no shield)
rNeg    . . .      Spirit   .    b - +0 leather armour
rPois   .          Reflect  .    c - +0 helmet
rElec   .          Rampage  .    (no cloak)
rCorr   .                        (no gloves)
Will    +....                    (no boots)
Stlth   +                        (no amulet)
HPRegen 0.28/turn                n - ring of willpower
MPRegen 0.10/turn                j - +6 ring of dexterity

@: lethally poisoned (-1 -> -8), sanguine armoured, on berserk cooldown, slowed,
very slow
A: robust 1, sanguine armour 2, demonic touch 2
a: no special abilities


You were on level 3 of the Dungeon.
You visited 1 branch of the dungeon, and saw 4 of its levels.

You collected 170 gold pieces.

Inventory:

Hand Weapons
 a - a +0 trident (weapon)
Missiles
 d - a throwing net (quivered)
 e - a javelin
Armour
 b - a +0 leather armour (worn)
 c - a +0 helmet (worn)
Jewellery
 j - a +6 ring of dexterity (right hand)
 m - a +6 ring of strength
 n - a ring of willpower (left hand)
Scrolls
 f - a scroll of magic mapping
Potions
 g - a potion of might
 k - a potion of brilliance {unknown}
 l - a potion of invisibility {unknown}
 p - a potion of attraction {unknown}


   Skills:
 + Level 3.7 Fighting
 + Level 4.0 Polearms
 - Level 1.7 Throwing
 + Level 2.6 Armour
 + Level 4.0 Dodging


You had 5 spell levels left.
You didn't know any spells.
Your spell library contained the following spells:

 Spells                   Type           Power      Damage    Failure   Level
 Apportation              Tloc           0%         N/A       43%         1
 Summon Small Mammal      Summ           0%         N/A       43%         1
 Call Canine Familiar     Summ           0%         N/A       82%         3
 Summon Guardian Golem    Hex/Summ       0%         N/A       82%         3
 Alistair's Intoxication  Tmut/Pois      0%         N/A       100%        5


Dungeon Overview and Level Annotations

Branches:
Dungeon (4/15)
 Temple: D:4-7

Altars:

Shops:
D:3 (


Innate Abilities, Weirdness & Mutations

You are robust. (+10% HP)
When seriously injured, your blood forms thick armour. (AC +9)
Your touch may inflict irresistible damage on your foes.


Message History

You feel sick. The orc attacks as you move away! The orc closely misses you.
You feel sick.
You feel sick.
You feel sick.
A red film seems to cover your vision as you go berserk!
You feel yourself moving faster!
You feel mighty!
You feel sick. The orc hits you with a +0 whip.
* * * LOW HITPOINT WARNING * * *
You puncture the orc!
You kill the orc!
You feel sick.
You closely miss something.
You feel sick.
You are no longer poisoned.
Something hits you but does no damage.
You are poisoned.
You barely miss something.
You touch something!
You feel sick. Something closely misses you.
You barely miss something. Your touch misses something.
You feel sick.
You barely miss something.
You feel sick. Something hits you but does no damage.
You are lethally poisoned!
You puncture something!
Reactivating autopickup.
You feel a bit more experienced.
* * * LOW HITPOINT WARNING * * *
You feel very sick.
Your Polearms skill increases to level 4!
Your Dodging skill increases to level 4!
You are too berserk!
* * * LOW HITPOINT WARNING * * *
You feel sick.
You feel a strong urge to attack something.
* * * LOW HITPOINT WARNING * * *
You feel sick.
* * * LOW HITPOINT WARNING * * *
You feel sick.
You feel your anger nearly subside.
You are no longer berserk.
You are exhausted.
You feel yourself slow down.
You die...

# #.....##...##....(..##.#......
####.........###.......##.#.#####
...#.........#####......#.#.#
...+.........+..>#.####.#.#.#
...#.........#..........#.#.#
...###....................#.#
...# #............<.....#.#.#
...# ###....†.##+######.#.#.#
#### #........@....)..#.#)#####
#####'###.######.#∩#......
#......#.# #.#.####### #......#.#
###+#........ ####### #......#.#
#.......##### ......# #......#.#
#............ .####.# #......#.#
#...........# .# #.###......#.#
###'#'#.....# .# #..##......#.#
#.#.#####.#


There were no monsters in sight!

Vanquished Creatures
  Sigmund (D:2)
  Terence (D:2)
  2 orc wizards
  3 adders (D:2)
  3 worms
  5 orcs
  7 ball pythons
  9 endoplasms
  A giant cockroach (D:2)
  7 hobgoblins
  6 kobolds
  4 bats
  2 frilled lizards
  7 goblins
  11 rats
69 creatures vanquished.

Vanquished Creatures (others)
  3 withered plants (D:1)
3 creatures vanquished.

Grand Total: 72 creatures vanquished

Notes
Turn   | Place    | Note
-------+----------+-------------------------------------------
     0 | D:1      | Demosthentine the Demonspawn Gladiator began the quest for
                  | the Orb.
     0 | D:1      | Reached XP level 1. HP: 16/16 MP: 1/1
    33 | D:1      | Gained mutation: Your touch may inflict minor irresistible
                  | damage on your foes. [demonic ancestry]
    33 | D:1      | Reached XP level 2. HP: 18/22 MP: 2/2
   602 | D:1      | Reached skill level 1 in Armour
   790 | D:1      | Found a faded altar of an unknown god.
   890 | D:2      | Gained mutation: When seriously injured, your blood forms
                  | armour. (AC +9) [demonic ancestry]
   890 | D:2      | Reached XP level 3. HP: 28/28 MP: 3/3
   909 | D:2      | Noticed Terence
   926 | D:2      | Killed Terence
   929 | D:2      | Gained mutation: When seriously injured, your blood forms
                  | thick armour. (AC +9) [demonic ancestry]
   929 | D:2      | Reached XP level 4. HP: 12/34 MP: 4/4
  1667 | D:2      | Noticed Sigmund
  1781 | D:2      | Killed Sigmund
  1782 | D:2      | Gained mutation: Your touch may inflict irresistible damage
                  | on your foes. [demonic ancestry]
  1782 | D:2      | Reached XP level 5. HP: 38/41 MP: 5/5
  2104 | D:3      | Gained mutation: You are robust. (+10% HP) [demonic
                  | ancestry]
  2104 | D:3      | Reached XP level 6. HP: 37/51 MP: 6/6
  2321 | D:3      | Found Inoompicw's Antique Weapon Boutique.
  2718 | D:3      | HP: 3/78 [poisoned by an orc wizard]
  2720 | D:3      | HP: 1/78 [poisoned by an orc wizard]
  2721 | D:3      | Succumbed to an orc wizard's poison

Illustrated notes

Levels and vault maps discovered:
D:1:      dpeg_arrival_tiny_a, layout_basic,
          shapermc_ecumenical_altar_flowoftime, minivault_5, st_stairs_1,
          minmay_misc_feat_rugged
D:2:      layout_loops_ring, uniq_terence, uniq_sigmund
D:3:      layout_basic, serial_shops, shop
D:4:      layout_rooms, corexii_item_surrounded_by_moat

Skill      XL: |  1  2  3  4  5  6 |
---------------+-------------------+-----
Dodging        | 3 4 |  4.0
Armour         | 1 2 |  2.6
Polearms       | 3 4 |  4.0
Fighting       | 3 |  3.7
Throwing       | |  1.7

Action                     |  1- 3 |  4- 6 || total
---------------------------+-------+-------++-------
  Melee: Trident           |    83 |    98 ||   181
         Punch             |     2 |     1 ||     3
         Touch             |    14 |     9 ||    23
  Throw: Throwing net      |     1 |     3 ||     4
    Use: Scroll            |     5 |     5 ||    10
         Potion            |       |     2 ||     2
   Stab: Sleeping          |     2 |     5 ||     7
         Held in net/web   |     1 |       ||     1
 Armour: Leather armour    |    13 |    21 ||    34
  Dodge: Dodged            |    23 |    35 ||    58

Table legend: (Time is in decaauts)
 A = Elapsed time spent in this place.
 B = Non-inter-level travel time spent in this place.
 C = Inter-level travel time spent in this place.
 D = Time resting spent in this place.
 E = Time spent auto-exploring this place.
 F = Levels seen in this place.
 G = Mean time per level.
                   A        B        C        D        E       F      G
               +--------+--------+--------+--------+--------+-----+--------+
         Total |   2742 |   2718 |     24 |     76 |   2116 |   4 |  685.5 |
       Dungeon |   2742 |   2718 |     24 |     76 |   2116 |   4 |  685.5 |
               +--------+--------+--------+--------+--------+-----+--------+

Top non-repeatable levels by time:
     D:2: 930 daAuts
     D:1: 917 daAuts
     D:3: 877 daAuts
     D:4: 17 daAuts
